[Event "Karnataka State Open-ch 2018"]
[Site "Bengaluru"]
[Date "2018.04.14"]
[Round "2"]
[White "Arvind, Shastry"]
[Black "Harshini A"]
[Result "1-0"]
[ECO "D37"]
[WhiteElo "2175"]
[BlackElo "2154"]
[Annotator "RC"]
[PlyCount "79"]
[EventDate "2018.??.??"]
[EventType "swiss"]
[EventCountry "IND"]
[SourceTitle "playchess.com"]
[Source "ChessBase"]
[SourceQuality "1"]
[TimeControl "5400+30"]

1. d4 d5 2. Nf3 Nf6 3. c4 e6 4. Nc3 Be7 5. Bf4 O-O 6. e3 b6 7. cxd5 exd5 8. Bd3 Bg4 9. Qc2 h6 10. Ne5 Be6 11. h3 c5 12. O-O c4 13. Be2 Re8 14. Bh2 Nbd7 15. f4 Nf8 16. Bf3 N6d7 17. Nc6 Qc8 18. Nxe7+ Rxe7 19. f5 Nf6 20. fxe6 fxe6 21. e4 Qd7 22. Be5 N8h7 23. exd5 exd5 24. Qg6 Rae8 25. Bd1 Nf8 26. Qg3 N6h7 27. Ba4 Qc8 28. Bxe8 Qxe8 29. Nxd5 Rd7 30. Rae1 Qe6 31. Rxf8+ Kxf8 32. Bxg7+ Rxg7 33. Qb8+ Kf7 34. Rxe6 Kxe6 35. Qe5+ Kf7 36. Qe7+ Kg8 37. Qe8+ Nf8 38. Nf6+ Kh8 39. Qxf8+ Rg8 40. Qxg8# 1-0

[Event "Karnataka State Open-ch 2018"]
[Site "Bengaluru"]
[Date "2018.04.14"]
[Round "2"]
[White "Balkishan, A."]
[Black "Prahalada Udupa"]
[Result "1-0"]
[ECO "C05"]
[WhiteElo "2026"]
[BlackElo "1140"]
[Annotator "NA RC"]
[PlyCount "71"]
[EventDate "2018.??.??"]
[EventType "swiss"]
[EventCountry "IND"]
[SourceTitle "playchess.com"]
[Source "ChessBase"]
[SourceQuality "1"]
[TimeControl "5400+30"]

1. e4 e6 2. d4 d5 3. Nd2 Nf6 4. e5 Nfd7 5. Bd3 c5 6. c3 Nc6 7. Ne2 f6 8. Nf4 Qe7 9. Qh5+ Qf7 10. Qxf7+ Kxf7 11. exf6 Nxf6 12. Nf3 Bd6 13. O-O Re8 14. Re1 e5 15. dxe5 Nxe5 16. Nxe5+ Bxe5 17. Be3 Bd7 18. Rad1 Bc6 19. Bf5 Rad8 20. Ne6 Rxe6 21. Bxe6+ Kxe6 22. Bf4 Kf5 23. Bxe5 Re8 24. Bxf6 Rxe1+ 25. Rxe1 Kxf6 26. f3 a5 27. Kf2 b5 28. h4 b4 29. g4 h6 30. f4 bxc3 31. bxc3 Bb5 32. f5 Bd7 33. Kg3 h5 34. g5+ Kxf5 35. Re7 Bb5 36. Rc7 1-0

[Event "Karnataka State Open-ch 2018"]
[Site "Bengaluru"]
[Date "2018.04.14"]
[Round "2"]
[White "Likhit, Chilukuri"]
[Black "Anand, Harjee Singh"]
[Result "1-0"]
[ECO "B24"]
[WhiteElo "1988"]
[BlackElo "1137"]
[Annotator "NA RC"]
[PlyCount "37"]
[EventDate "2018.??.??"]
[EventType "swiss"]
[EventCountry "IND"]
[SourceTitle "playchess.com"]
[Source "ChessBase"]
[SourceQuality "1"]
[TimeControl "5400+30"]

1. e4 c5 2. Nc3 Nc6 3. Bb5 g6 4. Bxc6 dxc6 5. d3 Bg7 6. f4 f5 7. e5 e6 8. Nf3 Ne7 9. O-O Nd5 10. Bd2 Qb6 11. Na4 Qb5 12. c4 Qa6 13. cxd5 cxd5 14. Nxc5 Qb6 15. Qa4+ Kf7 16. Ng5+ Ke7 17. Bb4 Bd7 18. Qxd7+ Kf8 19. Qf7# 1-0

[Event "Karnataka State Open-ch 2018"]
[Site "Bengaluru"]
[Date "2018.04.14"]
[Round "2"]
[White "Santoshkashyap, Hg"]
[Black "Kaushik Srivatsa H"]
[Result "1-0"]
[ECO "D37"]
[WhiteElo "1929"]
[BlackElo "1132"]
[Annotator "NA RC"]
[PlyCount "109"]
[EventDate "2018.??.??"]
[EventType "swiss"]
[EventCountry "IND"]
[SourceTitle "playchess.com"]
[Source "ChessBase"]
[SourceQuality "1"]
[TimeControl "5400+30"]

1. d4 d5 2. Nf3 Nf6 3. c4 e6 4. Nc3 Be7 5. Bf4 O-O 6. e3 a6 7. Rc1 Nbd7 8. cxd5 exd5 9. Bd3 c5 10. O-O Qb6 11. Na4 Qa5 12. dxc5 Nxc5 13. Nxc5 Bxc5 14. a3 Be7 15. Bc7 b6 16. Rc6 Bd8 17. Bd6 d4 18. Bxf8 Kxf8 19. Nxd4 Qg5 20. Nf3 Qh5 21. Bg6 Qd5 22. Rxf6 Qxd1 23. Rxf7+ Kg8 24. Rxd1 hxg6 25. Ra7 Rxa7 26. Rxd8+ Kf7 27. Rxc8 Re7 28. h4 Rb7 29. g3 Ke7 30. Rc6 a5 31. Rxg6 Kf8 32. b4 axb4 33. axb4 b5 34. Nd4 Kg8 35. Rg5 Kf8 36. Rxb5 Ra7 37. g4 Ra1+ 38. Kg2 Ra7 39. h5 Kf7 40. g5 Ra6 41. Rb7+ Kg8 42. b5 Ra8 43. g6 Re8 44. b6 Kh8 45. Nc6 Kg8 46. Rb8 Kf8 47. Rxe8+ Kxe8 48. b7 Kd7 49. b8=Q Kxc6 50. Kf3 Kd5 51. h6 gxh6 52. g7 h5 53. g8=Q+ Kc5 54. Ke4 h4 55. Qd5# 1-0

[Event "Karnataka State Open-ch 2018"]
[Site "Bengaluru"]
[Date "2018.04.14"]
[Round "2"]
[White "Parthasarathy R"]
[Black "Rajath Gururaj"]
[Result "1/2-1/2"]
[ECO "B30"]
[WhiteElo "1345"]
[BlackElo "1131"]
[Annotator "NA RC"]
[PlyCount "78"]
[EventDate "2018.??.??"]
[EventType "swiss"]
[EventCountry "IND"]
[SourceTitle "playchess.com"]
[Source "ChessBase"]
[SourceQuality "1"]
[TimeControl "5400+30"]

1. e4 c5 2. Nf3 Nc6 3. Bb5 d6 4. O-O Bd7 5. Re1 e6 6. c3 Be7 7. d4 cxd4 8. cxd4 Nf6 9. Nc3 a6 10. Bf1 O-O 11. d5 Nb8 12. Qb3 Qc8 13. Be3 e5 14. Rac1 Bg4 15. Nb5 Qd8 16. Nc7 Nbd7 17. Nxa8 Qxa8 18. Nd2 Bh5 19. Rc7 Rb8 20. Rec1 Bg6 21. f3 Bd8 22. R7c2 h6 23. g3 a5 24. a4 b6 25. Rc6 Nc5 26. Bxc5 bxc5 27. Qc3 Ne8 28. Nc4 Bc7 29. Na3 Qb7 30. Nb5 Rc8 31. Nxc7 Rxc7 32. Rxc7 Qxc7 33. Bd3 Qb6 34. Ra1 c4+ 35. Kf1 cxd3 36. Ra3 Qe3 37. Qxd3 Qc1+ 38. Kg2 Qxb2+ 39. Kh3 f5 1/2-1/2

[Event "Karnataka State Open-ch 2018"]
[Site "Bengaluru"]
[Date "2018.04.14"]
[Round "2"]
[White "Pranav Tukaram Gunake"]
[Black "Augustin, A."]
[Result "1/2-1/2"]
[ECO "B34"]
[WhiteElo "1144"]
[BlackElo "2065"]
[Annotator "NA RC"]
[PlyCount "82"]
[EventDate "2018.??.??"]
[EventType "swiss"]
[EventCountry "IND"]
[SourceTitle "playchess.com"]
[Source "ChessBase"]
[SourceQuality "1"]
[TimeControl "5400+30"]

1. e4 c5 2. Nf3 Nc6 3. d4 cxd4 4. Nxd4 Nf6 5. Nc3 e5 6. Nxc6 bxc6 7. Bc4 Bc5 8. Bg5 O-O 9. O-O Rb8 10. b3 h6 11. Bh4 Bd4 12. Qd3 g5 13. Bg3 d5 14. exd5 cxd5 15. Nxd5 Nxd5 16. c3 Be6 17. cxd4 Nb4 18. Qd1 Bxc4 19. bxc4 Rc8 20. dxe5 Rxc4 21. Qd6 Qxd6 22. exd6 f5 23. f3 Kf7 24. a3 Nd5 25. Rac1 Rxc1 26. Rxc1 Ke6 27. Re1+ Kd7 28. Re5 Kc6 29. Re6 Rf6 30. Rxf6 Nxf6 31. Be5 Ne8 32. g4 fxg4 33. fxg4 Nxd6 34. Bg7 Nf7 35. Kf2 Kd5 36. Ke3 a6 37. Kd3 Ne5+ 38. Bxe5 Kxe5 39. Ke3 Kd5 40. Kd3 Ke5 41. Ke3 Kd5 1/2-1/2

[Event "Karnataka State Open-ch 2018"]
[Site "Bengaluru"]
[Date "2018.04.14"]
[Round "2"]
[White "Aditya Krishnamurthy"]
[Black "Gavi, Siddayya"]
[Result "0-1"]
[ECO "A48"]
[WhiteElo "1142"]
[BlackElo "1993"]
[Annotator "NA RC"]
[PlyCount "46"]
[EventDate "2018.??.??"]
[EventType "swiss"]
[EventCountry "IND"]
[SourceTitle "playchess.com"]
[Source "ChessBase"]
[SourceQuality "1"]
[TimeControl "5400+30"]

1. d4 Nf6 2. Nf3 g6 3. Bf4 Bg7 4. e3 d6 5. Nbd2 O-O 6. Be2 Nh5 7. Bg5 h6 8. Bh4 g5 9. Bg3 Nxg3 10. hxg3 c5 11. c3 Nc6 12. Qc2 Re8 13. Nxg5 hxg5 14. Qh7+ Kf8 15. Ne4 d5 16. Nxg5 e5 17. Nf3 Qf6 18. O-O-O Bf5 19. Qh4 exd4 20. Qxf6 Bxf6 21. Bb5 dxc3 22. b3 Nb4 23. Bxe8 Nxa2# 0-1

[Event "Karnataka State Open-ch 2018"]
[Site "Bengaluru"]
[Date "2018.04.14"]
[Round "2"]
[White "Basavaraj B S"]
[Black "Manjunath, J."]
[Result "0-1"]
[ECO "B56"]
[WhiteElo "1140"]
[BlackElo "1986"]
[Annotator "NA RC"]
[PlyCount "72"]
[EventDate "2018.??.??"]
[EventType "swiss"]
[EventCountry "IND"]
[SourceTitle "playchess.com"]
[Source "ChessBase"]
[SourceQuality "1"]
[TimeControl "5400+30"]

1. e4 c5 2. Nf3 d6 3. d4 cxd4 4. Nxd4 Nf6 5. Nc3 Nc6 6. Bb5 Bd7 7. O-O e5 8. Nf5 Bxf5 9. exf5 Qd7 10. Qf3 a6 11. Ba4 Rc8 12. Bg5 Be7 13. Bxf6 Bxf6 14. Nd5 b5 15. Bb3 Nd4 16. Qe4 Qxf5 17. Qxf5 Nxf5 18. c3 Ne7 19. Nxf6+ gxf6 20. f4 e4 21. a4 O-O 22. axb5 axb5 23. Rfd1 Rfd8 24. Ra6 d5 25. Rxf6 b4 26. Rc1 Kg7 27. Rb6 bxc3 28. bxc3 Rb8 29. Rxb8 Rxb8 30. Bc2 f5 31. h3 Rc8 32. Bb3 d4 33. c4 Nd5 34. g3 Nc3 35. Kf2 Rb8 36. Ba4 Nxa4 0-1

[Event "Karnataka State Open-ch 2018"]
[Site "Bengaluru"]
[Date "2018.04.14"]
[Round "2"]
[White "Deekshith J"]
[Black "Isha, Sharma"]
[Result "0-1"]
[ECO "B00"]
[WhiteElo "1139"]
[BlackElo "1926"]
[Annotator "NA RC"]
[PlyCount "42"]
[EventDate "2018.??.??"]
[EventType "swiss"]
[EventCountry "IND"]
[SourceTitle "playchess.com"]
[Source "ChessBase"]
[SourceQuality "1"]
[TimeControl "5400+30"]

1. e4 d6 2. d3 e5 3. g3 g6 4. Bg2 Bg7 5. Nf3 Ne7 6. O-O O-O 7. Nbd2 f5 8. Re1 a5 9. a4 Na6 10. c3 c6 11. Ng5 h6 12. Qb3+ d5 13. Ngf3 Nc5 14. Qc2 Be6 15. b4 axb4 16. cxb4 dxe4 17. Qxc5 exf3 18. Nxf3 b6 19. Qe3 Nd5 20. Qe2 Re8 21. Nxe5 Bxe5 0-1

[Event "Karnataka State Open-ch 2018"]
[Site "Bengaluru"]
[Date "2018.04.15"]
[Round "4"]
[White "Girish, A. Koushik"]
[Black "Muralidhara G K"]
[Result "1-0"]
[ECO "A05"]
[WhiteElo "2401"]
[BlackElo "1591"]
[Annotator "ChessBase"]
[PlyCount "45"]
[EventDate "2018.??.??"]
[EventType "swiss"]
[EventCountry "IND"]
[SourceTitle "playchess.com"]
[Source "ChessBase"]
[SourceQuality "1"]
[TimeControl "5400+30"]

1. Nf3 Nf6 2. c4 e6 3. g3 b6 4. Bg2 Bb7 5. O-O Be7 6. Nc3 O-O 7. Re1 c5 8. e4 d6 9. d4 cxd4 10. Nxd4 Nbd7 11. e5 Bxg2 12. exf6 Nxf6 13. Kxg2 Rc8 14. Qe2 Qc7 15. Bg5 Qc5 16. Qd2 Qxc4 17. Nf5 Qc6+ 18. Kg1 Rfe8 19. Nxe7+ Rxe7 20. Bxf6 gxf6 21. Nd5 Qxd5 22. Qxd5 exd5 23. Rxe7 1-0

[Event "Karnataka State Open-ch 2018"]
[Site "Bengaluru"]
[Date "2018.04.15"]
[Round "4"]
[White "Gahan, M G"]
[Black "Sushrutha, Reddy"]
[Result "1-0"]
[ECO "C00"]
[WhiteElo "2281"]
[BlackElo "1583"]
[Annotator "ChessBase"]
[PlyCount "85"]
[EventDate "2018.??.??"]
[EventType "swiss"]
[EventCountry "IND"]
[SourceTitle "playchess.com"]
[Source "ChessBase"]
[SourceQuality "1"]
[TimeControl "5400+30"]

1. e4 e6 2. b3 d5 3. Bb2 Nf6 4. e5 Nfd7 5. c4 c6 6. f4 Nb6 7. Nf3 c5 8. Nc3 Nc6 9. d3 Be7 10. g3 f6 11. Bh3 f5 12. O-O O-O 13. Kh1 a6 14. Qd2 d4 15. Nd1 h5 16. Nf2 Kh7 17. Qe2 g6 18. Bg2 Bd7 19. Nh3 Kg7 20. Bc1 Qc7 21. Bd2 a5 22. a3 Nc8 23. Nf2 Nd8 24. b4 axb4 25. axb4 Rxa1 26. Rxa1 b6 27. b5 Nf7 28. Qd1 Rh8 29. Kg1 Nh6 30. h3 Nf7 31. Qa4 Nd8 32. Qa8 Rf8 33. Nh2 Rh8 34. Kf1 Rf8 35. Qf3 Rh8 36. Nd1 Kf7 37. Nb2 Kg7 38. Ra6 Rf8 39. Na4 Rf7 40. Nxb6 Nxb6 41. Ba5 Nxc4 42. dxc4 Qc8 43. Ra8 1-0

[Event "Karnataka State Open-ch 2018"]
[Site "Bengaluru"]
[Date "2018.04.15"]
[Round "4"]
[White "Arvind, Shastry"]
[Black "Chaithanya Ganesh"]
[Result "1-0"]
[ECO "D37"]
[WhiteElo "2175"]
[BlackElo "1498"]
[Annotator "ChessBase"]
[PlyCount "147"]
[EventDate "2018.??.??"]
[EventType "swiss"]
[EventCountry "IND"]
[SourceTitle "playchess.com"]
[Source "ChessBase"]
[SourceQuality "1"]
[TimeControl "5400+30"]

1. d4 d5 2. Nf3 Nf6 3. c4 e6 4. Nc3 Be7 5. Bf4 O-O 6. e3 c5 7. dxc5 Bxc5 8. cxd5 Nxd5 9. Nxd5 Qxd5 10. Qxd5 exd5 11. a3 Nc6 12. Bb5 Bb6 13. O-O Be6 14. Ne5 Nxe5 15. Bxe5 f6 16. Bc3 a6 17. Be2 Rfd8 18. Rfd1 Rd7 19. Rd2 Rad8 20. Rad1 Kf7 21. Bf3 Ke7 22. h3 Ke8 23. Bd4 Bxd4 24. Rxd4 g6 25. Kf1 Ke7 26. Ke1 Rd6 27. Rc1 R6d7 28. Kd2 Rd6 29. b4 R8d7 30. Bd1 b5 31. Rc5 Kd8 32. Bb3 Ke7 33. Kc3 Rd8 34. Bc2 f5 35. Rd1 R8d7 36. Kd4 Bf7 37. Bb3 Rd8 38. Rc7+ R8d7 39. Rdc1 Kd8 40. Rxd7+ Kxd7 41. Rc5 Rc6 42. Bxd5 Bxd5 43. Rxd5+ Ke7 44. Rc5 Rd6+ 45. Kc3 Kd7 46. Kc2 h5 47. Rc3 Ke7 48. h4 Kf7 49. Rd3 Rc6+ 50. Kd2 Ke7 51. Rc3 Rd6+ 52. Ke2 Kf7 53. g3 Ke7 54. Kf3 Re6 55. Rc5 Kf6 56. Rc8 Rd6 57. Kf4 Re6 58. f3 Rd6 59. Rc7 Rb6 60. e4 fxe4 61. fxe4 Ke6 62. e5 Kd5 63. Rd7+ Ke6 64. Rd6+ Rxd6 65. exd6 Kxd6 66. Kg5 Kd5 67. Kxg6 Kc4 68. Kxh5 Kb3 69. g4 Kxa3 70. g5 Kxb4 71. g6 Ka3 72. g7 b4 73. g8=Q b3 74. Qa8 1-0

[Event "Karnataka State Open-ch 2018"]
[Site "Bengaluru"]
[Date "2018.04.15"]
[Round "4"]
[White "Balkishan, A."]
[Black "Saket, Kumar"]
[Result "1-0"]
[ECO "D27"]
[WhiteElo "2026"]
[BlackElo "1491"]
[Annotator "NA"]
[PlyCount "70"]
[EventDate "2018.??.??"]
[EventType "swiss"]
[EventCountry "IND"]
[SourceTitle "playchess.com"]
[Source "ChessBase"]
[SourceQuality "1"]
[TimeControl "5400+30"]

1. d4 d5 2. c4 dxc4 3. e3 e6 4. Bxc4 c5 5. Nf3 Nf6 6. O-O a6 7. a4 Nc6 8. Nc3 cxd4 9. exd4 Be7 10. Bf4 O-O 11. Re1 Nb4 12. Qe2 {[%emt 0:01:50] D26: Queen's Gambit Accepted: 4 e3 e6 5 Bxc5 c5 sidelines} (12. Rc1 b6 13. Ne5 Bb7 14. Nxf7 Rxf7 15. Bxe6 Kf8 16. Be5 Bd6 17. Bxf7 Kxf7 18. Qb3+ Kf8 19. Bxd6+ Qxd6 {1-0 (44) Bacrot,E (2722)-Tan,J (2466) chess.com INT 2018}) 12... Nbd5 13. Be5 b6 $146 ({Find the theoretical novelty and annotate with similar games:} 13... Nxc3 14. bxc3 Bd7 15. Bd3 h6 16. Nh4 Bc6 17. Bc2 g6 18. Qd3 Ne4 19. Nxg6 fxg6 {0-1 (37) Taboada,F-Poch,A Santa Fe 2004}) 14. Rac1 Bb7 15. Bd3 Qd7 16. Ng5 h6 17. Nge4 Nxe4 18. Qxe4 Nf6 19. Qe2 Rfc8 20. Bb1 Nd5 21. Qg4 Bf8 22. Qe4 f5 23. Qe2 Bb4 24. Qd3 Nxc3 25. bxc3 Ba3 26. Rcd1 Qxa4 27. Ba2 Qc6 28. Qg3 Bf8 29. d5 $2 (29. Qg6 $18 Re8 30. Rd3) 29... exd5 30. Bxd5+ Qxd5 31. Rxd5 Bxd5 32. Qg6 b5 33. Re3 b4 $2 {[%emt 0:00:34] [#]} (33... f4 $11 34. Bxf4 Bf7) 34. Bxg7 $1 Bxg7 35. Re7 {[%emt 0:00:12] Bf8 Re3+} Rc6 1-0

[Event "Karnataka State Open-ch 2018"]
[Site "Bengaluru"]
[Date "2018.04.15"]
[Round "4"]
[White "Gavi, Siddayya"]
[Black "Sudhanva, Shabaraya"]
[Result "1-0"]
[ECO "B07"]
[WhiteElo "1993"]
[BlackElo "1346"]
[Annotator "NA"]
[PlyCount "89"]
[EventDate "2018.??.??"]
[EventType "swiss"]
[EventCountry "IND"]
[SourceTitle "playchess.com"]
[Source "ChessBase"]
[SourceQuality "1"]
[TimeControl "5400+30"]

1. e4 d6 2. d4 Nf6 3. Nc3 g6 4. Be3 Bg7 5. Qd2 Nc6 6. f3 e5 7. Nge2 Nd7 8. d5 Ne7 9. h4 f5 10. h5 f4 11. Bf2 g5 12. g4 h6 13. Nc1 a6 14. Be2 Nb6 15. a4 Bd7 16. Nb3 Nbc8 17. Na5 Rb8 18. b4 b6 19. Nb3 Ra8 20. O-O Ng8 21. Bc4 Nce7 22. Bd3 Bc8 23. Nd1 Nf6 24. Be1 Bb7 25. Nf2 Nd7 26. c4 O-O 27. Be2 Kh8 28. Qd3 Re8 29. Bd2 Kg8 30. Rfd1 Rc8 31. Rac1 Bf8 32. c5 dxc5 33. bxc5 Nxc5 34. Nxc5 bxc5 35. Qb3 Rb8 36. d6+ Bd5 37. Qc3 Qxd6 38. exd5 Nxd5 39. Bc4 Bg7 40. Ne4 Qc6 41. Be1 Rbd8 42. Rxd5 Rxd5 43. Rd1 Red8 44. Rxd5 Rxd5 45. Qd3 1-0

[Event "Karnataka State Open-ch 2018"]
[Site "Bengaluru"]
[Date "2018.04.15"]
[Round "4"]
[White "Likhit, Chilukuri"]
[Black "Shriya R Revankar"]
[Result "1-0"]
[ECO "B24"]
[WhiteElo "1988"]
[BlackElo "1472"]
[Annotator "NA RC"]
[PlyCount "117"]
[EventDate "2018.??.??"]
[EventType "swiss"]
[EventCountry "IND"]
[SourceTitle "playchess.com"]
[Source "ChessBase"]
[SourceQuality "1"]
[TimeControl "5400+30"]

1. e4 c5 2. Nc3 Nc6 3. Bb5 Nd4 4. Bc4 e6 5. Nge2 a6 {[%emt 0:02:42] B23: Closed Sicilian: Lines without g3} 6. a3 Nf6 7. O-O d5 8. exd5 exd5 9. Ba2 Be7 10. d3 Nxe2+ 11. Qxe2 O-O $146 ({Find the theoretical novelty and annotate with similar games:} 11... Be6 12. f4 g6 13. Qf3 h5 {0-1 (69) Pirs,M (2550)-Giuliani,S (2635) ICCF email 2012}) 12. Bg5 Be6 13. h3 Re8 14. Rfe1 b5 15. Qf3 Rc8 16. Rad1 Kh8 17. Ne2 Ng8 18. Bxe7 Nxe7 19. Nf4 Qd7 20. Nxe6 fxe6 21. Qf7 Rc6 22. Re3 Qc8 23. Rde1 Ng8 24. Qf4 Rf8 25. Qg4 Nh6 ({Black should play} 25... Nf6 $14 26. Qe2 Re8) 26. Qd1 Nf5 27. Re5 c4 28. c3 Rf6 29. Bb1 Nh6 30. Qe2 g6 31. d4 Nf7 32. Re3 Qd7 33. Qg4 Kg7 34. h4 h6 {[%emt 0:10:32] [#]} 35. Rg3 $1 Nh8 36. h5 g5 37. Rge3 (37. f4 $18 Nf7 38. Rf3 (38. fxg5 Nxg5 39. Re5 Qf7 $14)) 37... Qf7 38. Qe2 Kf8 39. Bc2 Qd7 40. Bd1 a5 41. Qc2 a4 42. Bg4 Kg7 $2 (42... Nf7 {might work better.} 43. Qh7 Qe8) 43. Kf1 $2 (43. Qe2 $18) 43... Nf7 {[%emt 0:02:08] [#]} 44. Rf3 $1 Qe7 45. Ree3 Nh8 $2 (45... Kg8 46. Re1 (46. Rxf6 Qxf6 47. Kg1 Nd8 $16) 46... Nd8) 46. Rxf6 Qxf6 47. Rf3 Qe7 48. Qe2 Nf7 49. Bf5 Qd6 50. Bg6 Rc7 (50... Nh8 {was called for.}) 51. Bxf7 Rxf7 52. Qc2 Rxf3 $2 (52... e5 53. dxe5 Qe6) 53. Qg6+ Kf8 54. Qxh6+ Ke7 55. gxf3 Qf4 56. Kg2 (56. Qg7+ $142 Qf7 57. Qxg5+ Ke8 58. Kg2) 56... Qh4 $2 (56... Qf6 57. Qh7+ Ke8) 57. Qg7+ Kd6 58. h6 g4 59. fxg4 1-0

[Event "Karnataka State Open-ch 2018"]
[Site "Bengaluru"]
[Date "2018.04.15"]
[Round "4"]
[White "Manjunath, J."]
[Black "Mitul, K H"]
[Result "1-0"]
[ECO "C70"]
[WhiteElo "1986"]
[BlackElo "1341"]
[Annotator "NA"]
[PlyCount "209"]
[EventDate "2018.??.??"]
[EventType "swiss"]
[EventCountry "IND"]
[SourceTitle "playchess.com"]
[Source "ChessBase"]
[SourceQuality "1"]
[TimeControl "5400+30"]

1. e4 e5 2. Nf3 Nc6 3. Bb5 a6 4. Ba4 b5 5. Bb3 Bc5 6. d3 h6 7. c3 d6 8. h3 Nf6 9. Nbd2 O-O 10. Nf1 a5 11. Ng3 a4 12. Bc2 d5 13. Qe2 d4 14. a3 Be6 15. Nh4 Ne7 16. Nh5 Ng6 17. Nf5 Bxf5 18. exf5 Nh8 19. O-O Re8 20. Ng3 Qd5 21. Re1 Re7 22. Bd2 Rae8 23. Ne4 Nxe4 24. dxe4 Qc6 25. Bd3 Rb8 26. Rac1 Qb6 27. Rc2 dxc3 28. Bxc3 b4 29. axb4 Bxb4 30. Ra1 Bxc3 31. bxc3 Ra8 32. Rca2 Qc6 33. Qc2 Rd7 34. Bf1 Rad8 35. Qxa4 Qxc3 36. Rc2 Qd4 37. Qxd4 exd4 38. Bd3 f6 39. Ra7 Nf7 40. f4 Rc8 41. Rc5 Re7 42. Kf2 Kf8 43. Kf3 c6 44. Ra6 Nd8 45. e5 fxe5 46. fxe5 Nb7 47. Raxc6 Rxc6 48. Rxc6 Rxe5 49. Kf4 Re8 50. f6 g5+ 51. Kf5 Nd8 52. Rd6 Nf7 53. Rxd4 Re5+ 54. Kg6 g4 55. h4 Ra5 56. Bb1 Kg8 57. Bf5 Nh8+ 58. Kxh6 Rxf5 59. Rd8+ Kf7 60. Rxh8 Rxf6+ 61. Kh5 g3 62. Rh7+ Kg8 63. Rh6 Rf4 64. Rg6+ Kh7 65. Rxg3 Ra4 66. Rg5 Ra6 67. g3 Rb6 68. Ra5 Rh6+ 69. Kg5 Rg6+ 70. Kf4 Rf6+ 71. Rf5 Ra6 72. g4 Kg6 73. h5+ Kh6 74. Rb5 Rf6+ 75. Kg3 Ra6 76. Kh4 Ra4 77. Rb6+ Kg7 78. h6+ Kh7 79. Kh5 Ra1 80. Rb7+ Kh8 81. g5 Ra5 82. Rf7 Kg8 83. Rf6 Kh7 84. Kg4 Ra4+ 85. Rf4 Ra1 86. Rf7+ Kh8 87. Re7 Ra5 88. g6 Ra4+ 89. Kf5 Ra5+ 90. Kf6 Ra8 91. Rd7 Rf8+ 92. Ke7 Kg8 93. Rd8 Rxd8 94. Kxd8 Kf8 95. Kd7 Kg8 96. Ke7 Kh8 97. g7+ Kg8 98. Kf6 Kh7 99. Kf7 Kxh6 100. g8=Q Kh5 101. Kf6 Kh4 102. Kf5 Kh3 103. Kf4 Kh2 104. Kf3 Kh1 105. Qg2# 1-0

[Event "Karnataka State Open-ch 2018"]
[Site "Bengaluru"]
[Date "2018.04.15"]
[Round "4"]
[White "Kishan, Gangolli"]
[Black "Tejes Suresh Kumar"]
[Result "1-0"]
[ECO "D35"]
[WhiteElo "1974"]
[BlackElo "1471"]
[Annotator "NA"]
[PlyCount "97"]
[EventDate "2018.??.??"]
[EventType "swiss"]
[EventCountry "IND"]
[SourceTitle "playchess.com"]
[Source "ChessBase"]
[SourceQuality "1"]
[TimeControl "5400+30"]

1. d4 d5 2. c4 e6 3. Nc3 Nf6 4. cxd5 exd5 5. Bg5 Be7 6. e3 c6 7. Bd3 Nbd7 8. Qc2 O-O 9. Nf3 Re8 10. O-O Nf8 11. Rab1 a5 12. a3 g6 13. b4 Ne4 14. Bxe7 Qxe7 15. Rfc1 Bf5 16. Bxe4 Bxe4 17. Nxe4 Qxe4 18. b5 Rac8 19. Qa4 c5 20. Qxa5 cxd4 21. Nxd4 Ra8 22. Qb4 Ne6 23. h3 Nxd4 24. exd4 Qd3 25. Rb3 Qe2 26. a4 Re4 27. Rf3 Qa2 28. Qd6 Rf8 29. Rc7 Qa1+ 30. Kh2 Qxd4 31. Rxb7 Re6 32. Qf4 Re4 33. Qc7 Qe5+ 34. Qxe5 Rxe5 35. a5 f5 36. a6 d4 37. a7 Ree8 38. Rd7 Ra8 39. b6 g5 40. Ra3 g4 41. b7 g3+ 42. fxg3 f4 43. gxf4 Rad8 44. Rxd8 Rxd8 45. b8=Q Rxb8 46. axb8=Q+ Kg7 47. Ra6 d3 48. Qc7+ Kg8 49. Ra8# 1-0

[Event "Karnataka State Open-ch 2018"]
[Site "Bengaluru"]
[Date "2018.04.15"]
[Round "4"]
[White "Santoshkashyap, Hg"]
[Black "Hariharan, Subramony"]
[Result "1-0"]
[ECO "D43"]
[WhiteElo "1929"]
[BlackElo "1433"]
[Annotator "NA"]
[PlyCount "72"]
[EventDate "2018.??.??"]
[EventType "swiss"]
[EventCountry "IND"]
[SourceTitle "playchess.com"]
[Source "ChessBase"]
[SourceQuality "1"]
[TimeControl "5400+30"]

1. d4 Nf6 2. Nf3 d5 3. c4 e6 4. Nc3 c6 5. Bg5 Be7 6. e3 h6 7. Bh4 Nbd7 8. Qc2 a6 9. Rd1 b5 10. cxd5 cxd5 11. Bd3 Bb7 12. O-O Rc8 13. Qb1 O-O 14. Rc1 Re8 15. Bg3 Qb6 16. b4 Bd6 17. Bxd6 Qxd6 18. a4 bxa4 19. Nxa4 Rxc1 20. Rxc1 Rc8 21. Rxc8+ Bxc8 22. Qc2 Bb7 23. Nc5 Qb6 24. Nxb7 Qxb7 25. Qa4 Nb8 26. Ne5 Qc8 27. g3 Qb7 28. Kg2 Qc8 29. h3 Qb7 30. b5 axb5 31. Bxb5 Qc7 32. Be8 Nxe8 33. Qxe8+ Kh7 34. Nxf7 Qd7 35. Qh8+ Kg6 36. Ne5+ {Kh7 Nf7+ Qc7 Qe8 Qd7 Qh8+ Kg6 Ne5+ Qc7 Qf8+ Kh7 Nf7 Qb6 Qh8+ Kg6 Ne5+} Kf6 1-0

[Event "Karnataka State Open-ch 2018"]
[Site "Bengaluru"]
[Date "2018.04.15"]
[Round "4"]
[White "Isha, Sharma"]
[Black "Nirupam, Gogoi"]
[Result "1-0"]
[ECO "B12"]
[WhiteElo "1926"]
[BlackElo "1334"]
[Annotator "NA"]
[PlyCount "65"]
[EventDate "2018.??.??"]
[EventType "swiss"]
[EventCountry "IND"]
[SourceTitle "playchess.com"]
[Source "ChessBase"]
[SourceQuality "1"]
[TimeControl "5400+30"]

1. e4 c6 2. d4 d5 3. e5 Bf5 4. h4 h5 5. Bd3 Bxd3 6. Qxd3 e6 7. Nf3 a6 8. a4 c5 9. Bg5 Be7 10. O-O c4 11. Qe3 Nc6 12. Nc3 Qd7 13. b3 cxb3 14. cxb3 Nh6 15. Ne2 Nf5 16. Qf4 f6 17. exf6 gxf6 18. Ng3 fxg5 19. Nxg5 Ncxd4 20. Qe5 Rh6 21. Nxf5 Nxf5 22. Rae1 Bf6 23. Qxf5 e5 24. Ne6 Kf7 25. Rxe5 Kg8 26. Rxd5 Qe7 27. Nf4 Bg7 28. Rd7 Qf8 29. Qd5+ Kh8 30. Nxh5 Bf6 31. Rf7 Qg8 32. Nxf6 Rxf6 33. Qh5+ 1-0

[Event "Karnataka State Open-ch 2018"]
[Site "Bengaluru"]
[Date "2018.04.15"]
[Round "4"]
[White "Reetish, Padhi"]
[Black "Kamatham, Balaji"]
[Result "1/2-1/2"]
[ECO "A01"]
[WhiteElo "1915"]
[BlackElo "1324"]
[Annotator "NA"]
[PlyCount "96"]
[EventDate "2018.??.??"]
[EventType "swiss"]
[EventCountry "IND"]
[SourceTitle "playchess.com"]
[Source "ChessBase"]
[SourceQuality "1"]
[TimeControl "5400+30"]

1. b3 e5 2. Bb2 d6 3. c4 b6 4. g3 Bb7 5. Nf3 Nd7 6. Bg2 Ngf6 7. Nc3 Be7 8. O-O O-O 9. Qc2 h6 10. d4 exd4 11. Nxd4 Bxg2 12. Kxg2 Ne5 13. e4 Qd7 14. f4 Ng6 15. Nf5 Rfe8 16. Nd5 Nxd5 17. exd5 Bf8 18. Rfe1 Rxe1 19. Rxe1 Re8 20. Rxe8 Qxe8 21. Kf2 Qd7 22. Qe4 Ne7 23. Nd4 Qh3 24. Qg2 Qd7 25. Ke2 g6 26. Kd3 Bg7 27. Qe4 Kf8 28. Bc3 a6 29. Nf3 a5 30. Bxg7+ Kxg7 31. Nd4 Kf8 32. a3 Qg4 33. Qe2 Qd7 34. g4 Ng8 35. f5 Ne7 36. Qe3 Kg7 37. Qf4 gxf5 38. gxf5 Ng8 39. Qg4+ Kf8 40. Qf4 Qe7 41. Nc6 Qf6 42. Nb8 Qb2 43. f6 Qxb3+ 44. Kd2 Qb2+ 45. Kd1 Qb1+ 46. Kd2 Qb2+ 47. Kd1 Qb1+ 48. Kd2 Qb2+ 1/2-1/2